 Dungeon Crawl Stone Soup version 0.23.2-1-ga50397a (webtiles) character file.

Game seed: 4575735993504664019

82 Vno the Chiller (level 4, -1/24 HPs)
             Began as a Gargoyle Ice Elementalist on May 25, 2019.
             Slain by Crazy Yiuf
             ... wielding a +2 quarterstaff of chaos
              (11 damage)
             ... on level 2 of the Dungeon.
             The game lasted 00:15:52 (2892 turns).

Vno the Chiller (Gargoyle Ice Elementalist)         Turns: 2892, Time: 00:15:53

Health: -1/24      AC:  6    Str: 16    XL:     4   Next: 43%
Magic:  8/8        EV: 12    Int: 17    God:
Gold:   95         SH:  0    Dex: 10    Spells: 3/9 levels left

rFire    . . .     SeeInvis .   b - +0 dagger
rCold    . . .     Gourm    .   (no shield)
rNeg     + . .     Faith    .   i - +0 robe
rPois    ∞         Spirit   .   f - +0 helmet
rElec    +         Reflect  .   (no cloak)
rCorr    .         Harm     .   (no gloves)
MR       .....                  (no boots)
Stlth    ++........             (no amulet)
HPRegen  0.08/turn              (no ring)
MPRegen  0.11/turn              (no ring)

@: mighty, about to teleport, very slightly contaminated
A: negative energy resistance 1, electricity resistance, unbreathing,
petrification resistance, rot immunity, AC +3
a: no special abilities


You were on level 2 of the Dungeon.
You were hungry.

You visited 1 branch of the dungeon, and saw 2 of its levels.

You collected 95 gold pieces.

Inventory:

Hand Weapons
 b - a +0 dagger (weapon)
Armour
 a - a +0 robe
 f - a +0 helmet (worn)
 i - a +0 robe (worn)
Scrolls
 d - a scroll of remove curse {unknown}
 e - a scroll of fear {unknown}
 g - a scroll of enchant armour {unknown}
Potions
 k - a potion of ambrosia
Comestibles
 c - 4 rations


   Skills:
 + Level 0.3 Fighting
 - Level 1.5 Dodging
 - Level 2.1 Stealth
 + Level 3.1 Spellcasting
 + Level 1.2 Conjurations
 - Level 4.1 Ice Magic


You had 3 spell levels left.
You knew the following spells:

 Your Spells              Type           Power        Failure   Level  Hunger
a - Freeze                Ice            ###.         3%          1    None
b - Throw Frost           Conj/Ice       ##....       9%          2    ##.....
c - Ozocubu's Armour      Chrm/Ice       #.......     22%         3    ###....

Your spell library contained the following spells:

 Spells                   Type           Power        Failure   Level  Hunger
 Throw Icicle             Conj/Ice       ##......     50%         4    ####...
 Summon Ice Beast         Ice/Summ       #.......     58%         4    ####...


Dungeon Overview and Level Annotations

Branches:
Dungeon (2/15)

Altars:

Annotations:
D:2 Crazy Yiuf


Innate Abilities, Weirdness & Mutations

You are resistant to torment.
Your stone body is resilient. (AC +3)
You are immune to poison.
You resist negative energy. (rN+)
You are resistant to electric shocks. (rElec)
You can survive without breathing.
You are immune to petrification.
You are immune to rotting.


Message History

Your icy armour cracks and falls away as you move.
Crazy Yiuf barely misses you.
You barely miss Crazy Yiuf.
Crazy Yiuf is lightly wounded.
You feel less invigorated.
You feel less confused.
You completely miss Crazy Yiuf.
Crazy Yiuf is lightly wounded.
Crazy Yiuf hits you with a +2 quarterstaff of chaos!
You feel strangely unstable.
You hit Crazy Yiuf.
Crazy Yiuf is lightly wounded.
Crazy Yiuf hits you with a +2 quarterstaff of chaos.
You hit Crazy Yiuf.
Crazy Yiuf is moderately wounded.
Crazy Yiuf barely misses you.
You puncture Crazy Yiuf!
Crazy Yiuf is severely wounded.
Crazy Yiuf hits you but does no damage. Space warps horribly around you!
You die...

#.....####........#.#
#>...## #...........#
#...#####...........#
#.)....##..........##
#...##.............##
#.).####...........##
#.<)####..........###
#.).g.[#..........###
###.@..÷...........##
#.....>...........##
#.................##
#.................##
##.....###....#####
##.(.## #....# #####
♣....♣ ♣...♣♣ ♣♣.♣♣


You could see Crazy Yiuf.

Vanquished Creatures
  Terence (D:2)
  Robin (D:2)
  A worm (D:2)
  2 leopard geckos
  A giant cockroach (D:2)
  14 goblins
  6 hobgoblins
  A quokka (D:2)
  2 bats (D:2)
  2 frilled lizards (D:2)
  4 kobolds
  2 rats (D:2)
37 creatures vanquished.

Notes
Turn   | Place    | Note
-------+----------+-------------------------------------------
     0 | D:1      | Vno the Gargoyle Ice Elementalist began the quest for the
                  | Orb.
     0 | D:1      | Reached XP level 1. HP: 10/10 MP: 3/3
   883 | D:1      | Reached XP level 2. HP: 12/15 MP: 1/5
  1197 | D:1      | Learned a level 2 spell: Throw Frost
  1610 | D:2      | Noticed Robin
  1617 | D:1      | Reached XP level 3. HP: 15/19 MP: 0/6
  2008 | D:2      | Noticed Terence
  2033 | D:2      | Killed Terence
  2033 | D:2      | Reached skill level 4 in Ice Magic
  2033 | D:2      | Reached XP level 4. HP: 15/24 MP: 0/8
  2040 | D:2      | Learned a level 3 spell: Ozocubu's Armour
  2667 | D:2      | Killed Robin
  2738 | D:2      | Found a runed translucent door.
  2739 | D:2      | Noticed Crazy Yiuf
  2892 | D:2      | Slain by Crazy Yiuf

Skill      XL: |  1  2  3  4 |
---------------+-------------+-----
Ice Magic      | 4 |  4.1
Spellcasting   | 3 |  3.1
Fighting       | |  0.3
Dodging        | |  1.5
Stealth        | |  2.1
Conjurations   | |  1.2

Action                   |  1- 3 |  4- 6 || total
-------------------------+-------+-------++-------
Melee: Dagger            |    25 |    15 ||    40
 Cast: Freeze            |    43 |     6 ||    49
       Throw Frost       |     9 |    10 ||    19
       Ozocubu's Armour  |       |     1 ||     1
  Use: Potion            |       |     2 ||     2
  Eat: Chunk             |     4 |     3 ||     7
Armor: Robe              |    15 |     6 ||    21
Dodge: Dodged            |    28 |    10 ||    38
